 Dungeon Crawl Stone Soup version 0.30.0-29-ga12c61a403 (webtiles) character file.

Game seed: 8452698736005275971

400 Fodor the Covered (level 6, -2/53 HPs)
             Began as a Minotaur Fighter on June 6, 2023.
             Slain by Yashakami's ghost (6 damage)
             ... on level 4 of the Dungeon.
             The game lasted 00:17:32 (3292 turns).

Fodor the Covered (Minotaur Fighter)                Turns: 3292, Time: 00:17:33

Health: -2/53      AC:  8    Str: 20    XL:     6   Next: 54%
Magic:  5/5        EV: 10    Int:  5    God:
Gold:   213        SH:  5    Dex: 12    Spells: 5/5 levels left

rFire   . . .        x - +3 hand axe (flame)
rCold   . . .        c - +0 buckler
rNeg    . . .        b - +0 scale mail
rPois   .            (helmet restricted)
rElec   .            (no cloak)
rCorr   .            l - +0 pair of gloves
SInv    .            (no boots)
Will    .....        (no amulet) Stlth
                     (no ring)
HPRegen 0.28/turn    (no ring)
MPRegen 0.09/turn

%: no passive effects
@: no status effects
A: horns 2, retaliatory headbutt
a: no special abilities


You were on level 4 of the Dungeon.
You visited 1 branch of the dungeon, and saw 4 of its levels.

You collected 213 gold pieces.

Inventory:

Hand Weapons
 x - a +3 hand axe of flaming (weapon)
Missiles
 h - 7 boomerangs (quivered)
 j - 32 stones
 m - 9 poisoned darts
Armour
 b - a +0 scale mail (worn)
 c - a +0 buckler (worn)
 i - a +0 chain mail
 l - a +0 pair of gloves (worn)
 v - a +0 chain mail
Scrolls
 e - a scroll of poison
 g - 2 scrolls of vulnerability
 k - a scroll of blinking
 o - a scroll of teleportation {unknown}
 p - a scroll of immolation {unknown}
 q - a scroll of torment {unknown}
 r - a scroll of brand weapon {unknown}
Potions
 d - 2 potions of might
 f - 2 potions of degeneration {unknown}
 u - a potion of attraction {unknown}


   Skills:
 + Level 4.7 Fighting
 + Level 2.0(3.3) Short Blades
 + Level 4.4(4.7) Long Blades
 + Level 0.9 Throwing
 + Level 5.2 Armour
 + Level 2.0 Dodging
 + Level 0.1 Stealth
 + Level 5.0 Shields


You had 5 spell levels left.
You didn't know any spells.
Your spell library contained the following spells:

 Spells                   Type           Power      Damage    Failure   Level
 Shock                    Conj/Air       0%         1d3       87%         1
 Tukima's Dance           Hex            0%         N/A       99%         3
 Airstrike                Air            0%         2d(0-16)  100%        4
 Passage of Golubria      Tloc           0%         N/A       100%        4
 Yara's Violent Unravell  Hex/Tmut       0%         3d3       100%        5
 Malign Gateway           Summ/Tloc      0%         N/A       100%        7
 Spellforged Servitor     Conj/Summ      0%         N/A       100%        7


Dungeon Overview and Level Annotations

Branches:
Dungeon (4/15)
 Temple: D:4-7

Altars:
Dithmenos
Makhleb
Nemelex Xobeh

Shops:
D:2 !   D:4 *

Annotations:
D:4 1 transporter, Yashakami's ghost, amateur MiFi


Innate Abilities, Weirdness & Mutations

You have a pair of horns on your head.
You reflexively headbutt those who attack you in melee.


Message History

* * * LOW HITPOINT WARNING * * *
The gnoll hits you from afar with a +0 halberd.
* * * LOW HITPOINT WARNING * * *
Yashakami's ghost closely misses you. The gnoll barely misses you.
You feel better. Yashakami's ghost barely misses you.
The gnoll hits you from afar with a +0 halberd.
* * * LOW HITPOINT WARNING * * *
You feel better. Yashakami's ghost hits you!
* * * LOW HITPOINT WARNING * * *
The gnoll barely misses you.
You feel better. Yashakami's ghost barely misses you. You furiously retaliate!
You headbutt Yashakami's ghost! The gnoll misses you.
You slash Yashakami's ghost! You burn Yashakami's ghost.
You headbutt Yashakami's ghost.
Yashakami's ghost is severely damaged.
Yashakami's ghost hits you!
* * * LOW HITPOINT WARNING * * *
You block the gnoll's attack.
You closely miss Yashakami's ghost.
Yashakami's ghost is severely damaged.
Yashakami's ghost hits you but does no damage.
The gnoll hits you from afar with a +0 halberd.
* * * LOW HITPOINT WARNING * * *
You hit Yashakami's ghost. You burn Yashakami's ghost.
Yashakami's ghost is severely damaged.
You slash the gnoll! You burn the gnoll. Yashakami's ghost closely misses you.
The gnoll closely misses you. You furiously retaliate!
You headbutt the gnoll. You block the gnoll's attack.
Yashakami's ghost barely misses you. You block the gnoll's attack.
The gnoll hits you with a +0 club.
* * * LOW HITPOINT WARNING * * *
You slash Yashakami's ghost! You burn Yashakami's ghost.
Yashakami's ghost is almost destroyed.
You hit the gnoll but do no damage. Yashakami's ghost closely misses you.
The gnoll hits you but does no damage. The gnoll barely misses you.
You hit Yashakami's ghost but do no damage.
Yashakami's ghost is almost destroyed.
You hit the gnoll. You burn the gnoll.
You kill the gnoll!
Yashakami's ghost hits you.
You die...

#...≈≈###.# '##W###≈≈.## #..#
#...≈≈..#.# .#.#..≈≈..# #..#
##.#.≈≈.##.# #.##.≈≈..###..#
#.##.≈≈.#©.# #..#.≈≈...##...
##.#.≈≈.##.#####.##.≈≈........
#...≈≈..#.#8⌠8#g#.......##...
#.#.~~.©#.'.©.gg#©.....###..)
#...≈≈..#.#W))#.#......#.....
#.#.≈≈.##.##@##.##.≈≈..'''.#.
#.#.≈≈.#..#...#..#.≈≈..'∩'.#.
#.#.≈≈.##)#⌠.⌠#.##.≈≈..'''##.
#...≈≈..#g#...#.#..≈≈.##..#..
##..≈≈###.##'##.###≈≈........
#..≈≈#g..g.......#≈≈.###.#..
##.≈≈#8.###.###.8#≈≈.# .#.#
#.≈≈#..#8###8#..#≈≈.###.#..
#.≈≈####.....####≈≈.....# #


You could see Yashakami's ghost and 3 gnolls.

Vanquished Creatures
  Blork the orc (D:4)
  2 hounds (D:4)
  2 orc wizards (D:4)
  7 gnolls (D:4)
  7 adders
  2 dart slugs
  8 orcs
  8 ball pythons
  3 bats
  8 endoplasms
  3 giant cockroaches
  5 goblins
  7 hobgoblins
  18 jackals
  5 kobolds
  3 quokkas
  3 frilled lizards (D:2)
  3 rats
95 creatures vanquished.

Notes
Turn   | Place    | Note
-------+----------+-------------------------------------------
     0 | D:1      | Fodor the Minotaur Fighter began the quest for the Orb.
     0 | D:1      | Reached XP level 1. HP: 19/19 MP: 0/0
   174 | D:1      | Reached XP level 2. HP: 27/27 MP: 1/1
   607 | D:1      | Reached XP level 3. HP: 31/33 MP: 2/2
   631 | D:1      | Got the Commentary on the Gang and the Nimbus
   704 | D:2      | Found Egrixzu's Distillery.
   840 | D:2      | Reached skill level 1 in Dodging
   942 | D:2      | Found a burning altar of Makhleb.
  1104 | D:2      | Reached XP level 4. HP: 40/40 MP: 3/3
  1931 | D:3      | Found a shadowy altar of Dithmenos.
  2731 | D:3      | Found a sparkling altar of Nemelex Xobeh.
  2772 | D:4      | Reached XP level 5. HP: 46/47 MP: 4/4
  2992 | D:4      | Reached skill level 1 in Short Blades
  2992 | D:4      | Reached XP level 6. HP: 33/53 MP: 5/5
  3000 | D:4      | Found a transporter.
  3007 | D:4      | Noticed Yashakami's ghost (amateur MiFi)
  3057 | D:4      | Found a transporter.
  3199 | D:4      | Noticed Blork the orc
  3211 | D:4      | Killed Blork the orc
  3212 | D:4      | Reached skill level 5 in Armour
  3252 | D:4      | Found Nomudufie's General Store.
  3280 | D:4      | Reached skill level 5 in Shields
  3284 | D:4      | HP: 2/53 [Yashakami's ghost (11)]
  3292 | D:4      | Slain by Yashakami's ghost

Illustrated notes

Levels and vault maps discovered:
D:1:      pf_arrival_petrified_forest, layout_basic
D:2:      layout_loops_ring, serial_shops, nicolae_shop_rolling_square,
          basic_altar
D:3:      layout_basic, nicolae_dithmenos_shadow_blocks,
          mainiacjoe_overflow_alcove_2
D:4:      layout_loops_ring, gammafunk_ghost_gnarly_gnolls, serial_shops,
          nicolae_shop_tiny_real_fake_doors, dk_noncrumbling_3,
          minmay_misc_feat_square, uniq_blork_the_orc

Skill      XL: |  1  2  3  4  5  6 |
---------------+-------------------+-----
Fighting       | 4 |  4.7
Shields        | 4 5 |  5.0
Armour         | 4 5 |  5.2
Long Blades    | 3 4 |  4.4
Dodging        | 1 2 |  2.0
Short Blades   | 1 2 |  2.0
Throwing       | |  0.9
Stealth        | |  0.1

Action                     |  1- 3 |  4- 6 || total
---------------------------+-------+-------++-------
  Melee: Long sword        |   101 |    21 ||   122
         Headbutt          |    10 |    19 ||    29
         Short sword       |       |   115 ||   115
         Hand axe          |       |    16 ||    16
  Throw: Boomerang         |     3 |     5 ||     8
    Use: Scroll            |       |     4 ||     4
         Potion            |       |     3 ||     3
 Armour: Scale mail        |    52 |    73 ||   125
  Dodge: Dodged            |    43 |    84 ||   127
  Block: Buckler           |    24 |    41 ||    65
